[Event "Live Chess"]
[Site "Chess.com"]
[Date "2021.02.06"]
[Round "-"]
[White "smashyplayz"]
[Black "NiceLoyalLogic"]
[Result "1-0"]
[CurrentPosition "1R2k3/2R5/8/8/3P2P1/2P5/7P/6K1 b - -"]
[Timezone "UTC"]
[ECO "B13"]
[ECOUrl "https://www.chess.com/openings/Caro-Kann-Defense-Exchange-Variation-3...cxd5"]
[UTCDate "2021.02.06"]
[UTCTime "20:31:20"]
[WhiteElo "1397"]
[BlackElo "1021"]
[TimeControl "1200+10"]
[Termination "smashyplayz won by checkmate"]
[StartTime "20:31:20"]
[EndDate "2021.02.06"]
[EndTime "20:52:27"]
[Link "https://www.chess.com/live/game/6472989797"]

1. e4 c6 2. d4 d5 3. exd5 cxd5 4. Nc3 Nf6 5. Bf4 e6 6. Nf3 Bd6 7. Bg3 O-O 8. Bb5 a6 9. Bd3 Re8 10. O-O h6 11. Re1 b5 12. a3 Qc7 13. Bxd6 Qxd6 14. Ne5 Nc6 15. Bf1 Nd7 16. Nxc6 Qxc6 17. Be2 e5 18. Bf3 e4 19. Bg4 Nf6 20. Bxc8 Raxc8 21. f3 exf3 22. Qxf3 Qc4 23. Qf4 Nh5 24. Qh4 Nf6 25. Rac1 a5 26. Rf1 b4 27. axb4 axb4 28. Na4 Qc6 29. Nc5 Nd7 30. Nxd7 Qxd7 31. Qh5 Re2 32. Qxe2 Re8 33. Qf2 Rc8 34. c3 bxc3 35. bxc3 Rc4 36. Qf3 Qe6 37. Rc2 Qg6 38. Rcf2 f6 39. Rc1 Qf7 40. Qf5 g6 41. Qf4 g5 42. Qxf6 Qxf6 43. Rxf6 Kg7 44. Rd6 Kf7 45. Rxh6 Ke7 46. Rg6 Kd7 47. Rxg5 Ke6 48. Re5+ Kd6 49. g4 Kc7 50. Rxd5 Rc5 51. Rxc5+ Kd7 52. Rb1 Ke7 53. Rb6 Kf8 54. Rc7 Ke8 55. Rb8# 1-0

[Event "Live Chess"]
[Site "Chess.com"]
[Date "2021.02.06"]
[Round "-"]
[White "LucasLiu88"]
[Black "Night362"]
[Result "1-0"]
[CurrentPosition "4Rk1r/1R4pp/3Npp2/8/2r5/8/1P3PPP/1K6 b - -"]
[Timezone "UTC"]
[ECO "B33"]
[ECOUrl "https://www.chess.com/openings/Sicilian-Defense-Open-3...cxd4-4.Nxd4"]
[UTCDate "2021.02.06"]
[UTCTime "20:31:33"]
[WhiteElo "1261"]
[BlackElo "1077"]
[TimeControl "1200+10"]
[Termination "LucasLiu88 won by checkmate"]
[StartTime "20:31:33"]
[EndDate "2021.02.06"]
[EndTime "20:39:38"]
[Link "https://www.chess.com/live/game/6472990473"]

1. e4 c5 2. Nf3 Nc6 3. d4 cxd4 4. Nxd4 Nxd4 5. Qxd4 Nf6 6. Nc3 Qb6 7. Be3 Qxd4 8. Bxd4 d6 9. Bb5+ Bd7 10. O-O-O Bxb5 11. Nxb5 Kd8 12. Bxa7 Nxe4 13. Bb6+ Kd7 14. Rd4 Nf6 15. Rc4 Nd5 16. Bc7 Rxa2 17. Kb1 Ra8 18. Rd1 e6 19. Rcd4 Rc8 20. c4 Nf6 21. Bxd6 Bxd6 22. Rxd6+ Ke7 23. Rb6 Rxc4 24. Rxb7+ Kf8 25. Rd8+ Ne8 26. Nd6 f6 27. Rxe8# 1-0

[Event "Live Chess"]
[Site "Chess.com"]
[Date "2021.02.06"]
[Round "-"]
[White "10dral"]
[Black "anuraagaravind"]
[Result "1-0"]
[CurrentPosition "r7/2pp4/6p1/p3q1k1/5R1Q/2P1n3/5PPP/4R1K1 b - -"]
[Timezone "UTC"]
[ECO "C47"]
[ECOUrl "https://www.chess.com/openings/Four-Knights-Game-Italian-Variation"]
[UTCDate "2021.02.06"]
[UTCTime "20:31:36"]
[WhiteElo "1304"]
[BlackElo "1217"]
[TimeControl "1200+10"]
[Termination "10dral won by checkmate"]
[StartTime "20:31:36"]
[EndDate "2021.02.06"]
[EndTime "20:45:37"]
[Link "https://www.chess.com/live/game/6472990797"]

1. e4 e5 2. Nf3 Nc6 3. Bc4 Nf6 4. Nc3 Nxe4 5. d3 Nxc3 6. bxc3 Bc5 7. O-O O-O 8. d4 exd4 9. cxd4 Bd6 10. Be3 Re8 11. Qd3 a6 12. Ng5 g6 13. Bxf7+ Kf8 14. Bxe8 Qxe8 15. Nxh7+ Kg7 16. Ng5 Nb4 17. Qc3 b6 18. d5+ Kg8 19. Rfd1 Bb7 20. Qb3 a5 21. a4 b5 22. c3 bxa4 23. Rxa4 Nxd5 24. Qxb7 Nxe3 25. Qb3+ Kg7 26. Re1 Bf4 27. Rxf4 Qe5 28. Qf7+ Kh6 29. Qh7+ Kxg5 30. Qh4# 1-0

[Event "Live Chess"]
[Site "Chess.com"]
[Date "2021.02.06"]
[Round "-"]
[White "Tactivian"]
[Black "Tyler_YABOI_Walsh"]
[Result "0-1"]
[CurrentPosition "1k5r/Np3ppp/4p3/2b1P3/5r2/8/P5PP/R5KR w - -"]
[Timezone "UTC"]
[ECO "D06"]
[ECOUrl "https://www.chess.com/openings/Queens-Gambit-Declined-Marshall-Defense-3.cxd5-Nxd5-4.e4"]
[UTCDate "2021.02.06"]
[UTCTime "20:31:38"]
[WhiteElo "797"]
[BlackElo "949"]
[TimeControl "1200+10"]
[Termination "Tyler_YABOI_Walsh won by checkmate"]
[StartTime "20:31:38"]
[EndDate "2021.02.06"]
[EndTime "20:35:25"]
[Link "https://www.chess.com/live/game/6472991149"]

1. d4 d5 2. c4 Nf6 3. cxd5 Nxd5 4. e4 Nf6 5. e5 Nd5 6. Bc4 Nb6 7. Bb5+ c6 8. Bd3 Qxd4 9. Nf3 Bg4 10. Nxd4 Bxd1 11. Kxd1 Nd5 12. Nc3 Nf4 13. Be2 Nxe2 14. Ndxe2 Nd7 15. f4 e6 16. b4 c5 17. bxc5 Nxc5 18. Nb5 O-O-O+ 19. Bd2 Ne4 20. Nxa7+ Kb8 21. Nc3 Rxd2+ 22. Ke1 Rd4 23. Nxe4 Rxe4+ 24. Kf1 Rxf4+ 25. Kg1 Bc5# 0-1

[Event "Live Chess"]
[Site "Chess.com"]
[Date "2021.02.06"]
[Round "-"]
[White "buddyram"]
[Black "TerribleResolution"]
[Result "1-0"]
[CurrentPosition "QK6/8/1R6/8/k7/4B3/PPP2PPP/RN6 b - -"]
[Timezone "UTC"]
[ECO "C57"]
[ECOUrl "https://www.chess.com/openings/Italian-Game-Fried-Liver-Attack"]
[UTCDate "2021.02.06"]
[UTCTime "20:31:35"]
[WhiteElo "1381"]
[BlackElo "469"]
[TimeControl "1200+10"]
[Termination "buddyram won by checkmate"]
[StartTime "20:31:35"]
[EndDate "2021.02.06"]
[EndTime "20:36:31"]
[Link "https://www.chess.com/live/game/6472991445"]

1. e4 e5 2. Nf3 Nc6 3. Bc4 Nf6 4. Ng5 d5 5. exd5 Nxd5 6. Nxf7 Qe7 7. Nxh8 Bf5 8. Bxd5 Nd4 9. Bf7+ Qxf7 10. Nxf7 Kxf7 11. O-O Ne2+ 12. Qxe2 Bd3 13. Qxd3 e4 14. Qxe4 Re8 15. Qd5+ Ke7 16. Re1+ Kf6 17. Rxe8 g6 18. Rxf8+ Kg7 19. Rb8 Kh6 20. Qxb7 Kh5 21. Qxc7 Kh6 22. Qxa7 Kh5 23. Rh8 Kh6 24. Qxh7+ Kg5 25. d4+ Kf6 26. Rf8+ Ke6 27. Qxg6+ Kd5 28. Qf7+ Kxd4 29. Be3+ Ke4 30. Qf3+ Ke5 31. Re8+ Kd6 32. Qf6+ Kd7 33. Qd8+ Kc6 34. Re6+ Kb5 35. Qc8 Kb4 36. Rb6+ Ka5 37. Kf1 Ka4 38. Ke2 Ka5 39. Kd3 Ka4 40. Kc4 Ka5 41. Kd5 Ka4 42. Kc6 Ka5 43. Kb7 Ka4 44. Ka7 Ka5 45. Qa8 Ka4 46. Kb8# 1-0

[Event "Live Chess"]
[Site "Chess.com"]
[Date "2021.02.06"]
[Round "-"]
[White "akshat609"]
[Black "Lefthanded32"]
[Result "0-1"]
[CurrentPosition "r3k2r/p2n3p/bpp1pn2/6p1/4P2b/PPN2N1P/2PBBq2/R2Q1K1R w kq -"]
[Timezone "UTC"]
[ECO "A00"]
[ECOUrl "https://www.chess.com/openings/Mieses-Opening"]
[UTCDate "2021.02.06"]
[UTCTime "20:34:01"]
[WhiteElo "439"]
[BlackElo "1314"]
[TimeControl "1200+10"]
[Termination "Lefthanded32 won by checkmate"]
[StartTime "20:34:01"]
[EndDate "2021.02.06"]
[EndTime "20:38:33"]
[Link "https://www.chess.com/live/game/6473012544"]

1. d3 d5 2. e3 f5 3. Nf3 Nf6 4. Bd2 e6 5. Be2 Bd6 6. Nc3 c6 7. b3 b6 8. a3 Ba6 9. g3 Nbd7 10. h3 g5 11. e4 dxe4 12. dxe4 fxe4 13. Ng1 Qc7 14. f3 Bxg3+ 15. Kf1 Bh4 16. fxe4 Qg3 17. Nf3 Qf2# 0-1

[Event "Live Chess"]
[Site "Chess.com"]
[Date "2021.02.06"]
[Round "-"]
[White "A_slithering_ape"]
[Black "andrewaballantyne"]
[Result "0-1"]
[CurrentPosition "3r2k1/pb3ppp/8/1Qp5/N7/1P2P1P1/P4P1P/3q1K2 w - -"]
[Timezone "UTC"]
[ECO "A46"]
[ECOUrl "https://www.chess.com/openings/Indian-Game-Knights-Variation"]
[UTCDate "2021.02.06"]
[UTCTime "20:32:02"]
[WhiteElo "1090"]
[BlackElo "1370"]
[TimeControl "1200+10"]
[Termination "andrewaballantyne won by checkmate"]
[StartTime "20:32:02"]
[EndDate "2021.02.06"]
[EndTime "20:47:11"]
[Link "https://www.chess.com/live/game/6472994670"]

1. Nf3 Nf6 2. d4 d5 3. e3 e6 4. c4 c5 5. b3 Nc6 6. Bb2 Bd6 7. cxd5 exd5 8. Nc3 Be7 9. Bb5 O-O 10. Bxc6 bxc6 11. Ne5 Qc7 12. Na4 cxd4 13. Qxd4 c5 14. Qc3 Ne4 15. Qd3 Bf6 16. Qxd5 Bb7 17. Qc4 Bxe5 18. Bxe5 Qxe5 19. Rd1 Rfd8 20. Rxd8+ Rxd8 21. O-O Nd2 22. Qb5 Nxf1 23. Kxf1 Qd6 24. g3 Qd1# 0-1

[Event "Live Chess"]
[Site "Chess.com"]
[Date "2021.02.06"]
[Round "-"]
[White "adichi"]
[Black "JazzyAsh"]
[Result "1-0"]
[CurrentPosition "7r/1p6/r3pp2/p1Rk4/P7/4PPB1/3N1KPP/2R5 b - -"]
[Timezone "UTC"]
[ECO "D00"]
[ECOUrl "https://www.chess.com/openings/Queens-Pawn-Opening-Accelerated-London-System"]
[UTCDate "2021.02.06"]
[UTCTime "20:32:04"]
[WhiteElo "1431"]
[BlackElo "964"]
[TimeControl "1200+10"]
[Termination "adichi won by checkmate"]
[StartTime "20:32:04"]
[EndDate "2021.02.06"]
[EndTime "20:46:06"]
[Link "https://www.chess.com/live/game/6472995200"]

1. d4 d5 2. Bf4 Nc6 3. e3 Nf6 4. c3 Bf5 5. Bd3 Bg6 6. Nf3 e6 7. Ne5 Nxe5 8. dxe5 Ne4 9. Qc2 f6 10. f3 Nf2 11. Bxg6+ hxg6 12. Qxg6+ Kd7 13. Kxf2 fxe5 14. Bxe5 Qh4+ 15. Bg3 Qf6 16. Qxf6 gxf6 17. Nd2 Bc5 18. b4 Bb6 19. a4 a5 20. b5 c6 21. bxc6+ Kxc6 22. Rab1 Rac8 23. Rhc1 Ra8 24. c4 Ra6 25. cxd5+ Kxd5 26. Rb5+ Bc5 27. Rbxc5# 1-0

[Event "Live Chess"]
[Site "Chess.com"]
[Date "2021.02.06"]
[Round "-"]
[White "GivingPigeon"]
[Black "lerdog"]
[Result "0-1"]
[CurrentPosition "6k1/ppp2pp1/5r2/4nPKP/1P4r1/1R6/P2P2P1/5R2 w - -"]
[Timezone "UTC"]
[ECO "C50"]
[ECOUrl "https://www.chess.com/openings/Giuoco-Piano-Game-Four-Knights-Game"]
[UTCDate "2021.02.06"]
[UTCTime "20:32:04"]
[WhiteElo "702"]
[BlackElo "1090"]
[TimeControl "1200+10"]
[Termination "lerdog won by checkmate"]
[StartTime "20:32:04"]
[EndDate "2021.02.06"]
[EndTime "20:44:23"]
[Link "https://www.chess.com/live/game/6472995527"]

1. e4 e5 2. Nf3 Nc6 3. Nc3 Nf6 4. Bc4 Bc5 5. Ng5 d5 6. exd5 Nd4 7. Nb5 O-O 8. Nxd4 exd4 9. Qf3 Re8+ 10. Kf1 Qe7 11. Qd1 Bg4 12. f3 Bf5 13. b3 d3 14. cxd3 Bxd3+ 15. Bxd3 Nxd5 16. Bb2 Qxg5 17. h4 Qg3 18. Bxh7+ Kxh7 19. Qc2+ Kg8 20. Qxc5 Nf4 21. Qf2 Qxf2+ 22. Kxf2 Nd3+ 23. Kg3 Nxb2 24. h5 Re6 25. Rab1 Nd3 26. b4 Rd8 27. Rb3 Ne5 28. f4 Nc6 29. f5 Rf6 30. Kg4 Rd4+ 31. Kg5 Ne5 32. Rf1 Rg4# 0-1

[Event "Live Chess"]
[Site "Chess.com"]
[Date "2021.02.06"]
[Round "-"]
[White "OlympusMons00"]
[Black "pranshikku"]
[Result "1-0"]
[CurrentPosition "2b1k1Q1/p1q5/8/1p2p3/8/2N5/PPP3PP/2K2R2 b - -"]
[Timezone "UTC"]
[ECO "C45"]
[ECOUrl "https://www.chess.com/openings/Scotch-Game-Classical-Variation-5.Be3"]
[UTCDate "2021.02.06"]
[UTCTime "20:32:11"]
[WhiteElo "1087"]
[BlackElo "1212"]
[TimeControl "1200+10"]
[Termination "OlympusMons00 won by resignation"]
[StartTime "20:32:11"]
[EndDate "2021.02.06"]
[EndTime "20:47:32"]
[Link "https://www.chess.com/live/game/6472995812"]

1. e4 e5 2. Nf3 Nc6 3. d4 exd4 4. Nxd4 Bc5 5. Be3 Nxd4 6. Bxd4 Bxd4 7. Qxd4 f6 8. Nc3 Ne7 9. O-O-O d6 10. Bc4 Nc6 11. Qd5 Rf8 12. Qh5+ Ke7 13. Qxh7 Ne5 14. Qxg7+ Ke8 15. Bd5 c6 16. Bb3 b5 17. f4 Nf7 18. Bxf7+ Rxf7 19. Qg6 Qe7 20. e5 dxe5 21. fxe5 fxe5 22. Qxc6+ Kf8 23. Qxa8 Qc7 24. Rhf1 Rxf1 25. Rxf1+ Ke7 26. Qd5 Ke8 27. Qg8+ 1-0

[Event "Live Chess"]
[Site "Chess.com"]
[Date "2021.02.06"]
[Round "-"]
[White "agarwal4553"]
[Black "siverlem"]
[Result "1-0"]
[CurrentPosition "8/8/8/8/8/4K3/8/4k2Q b - -"]
[Timezone "UTC"]
[ECO "C50"]
[ECOUrl "https://www.chess.com/openings/Giuoco-Piano-Game-Giuoco-Pianissimo-Variation-4...Nf6"]
[UTCDate "2021.02.06"]
[UTCTime "20:31:51"]
[WhiteElo "913"]
[BlackElo "828"]
[TimeControl "1200+10"]
[Termination "agarwal4553 won by checkmate"]
[StartTime "20:31:51"]
[EndDate "2021.02.06"]
[EndTime "20:47:03"]
[Link "https://www.chess.com/live/game/6472996092"]

1. e4 e5 2. Nf3 Nc6 3. Bc4 Nf6 4. d3 Bc5 5. Bg5 h6 6. Bxf6 Qxf6 7. Nc3 d6 8. Nd5 Qd8 9. h3 Be6 10. a3 Nd4 11. Nxd4 Bxd4 12. c3 Bb6 13. f3 Qh4+ 14. Kd2 Qd8 15. Kc1 Qg5+ 16. Kb1 Qxg2 17. Nxb6 axb6 18. Bxe6 fxe6 19. h4 d5 20. Ka2 dxe4 21. fxe4 O-O-O 22. Qh5 Rhf8 23. Qxe5 Rde8 24. Rag1 Qc2 25. Rh2 Qxd3 26. Rb1 Rf1 27. Rxf1 Qxf1 28. Rd2 Rd8 29. Rxd8+ Kxd8 30. Qxg7 Qh1 31. Qf6+ Ke8 32. Qxe6+ Kd8 33. Qxh6 Qxe4 34. Qg7 Qxh4 35. Kb3 c5 36. Qxb7 Qh6 37. Qa8+ Ke7 38. Qa7+ Kf8 39. a4 Qe6+ 40. c4 Qe3+ 41. Ka2 Qe2 42. Qxb6 Qxc4+ 43. b3 Qc2+ 44. Ka3 Ke7 45. a5 c4 46. Qc5+ Ke6 47. bxc4 Qc3+ 48. Ka4 Qc2+ 49. Kb5 Qd3 50. Kc6 Qd2 51. a6 Qa2 52. a7 Kf7 53. Qf5+ Ke7 54. Qd7+ Kf6 55. Qd8+ Ke5 56. a8=Q Qxc4+ 57. Kb7 Qb5+ 58. Ka7 Qc5+ 59. Qb6 Qa3+ 60. Kb8 Qd6+ 61. Qc7 Ke6 62. Qxd6+ Kxd6 63. Qb7 Kc5 64. Kc8 Kc4 65. Kd7 Kc3 66. Kd6 Kd3 67. Kd5 Ke3 68. Qb4 Kf3 69. Ke5 Ke2 70. Kf4 Kf1 71. Ke3 Kg2 72. Qg4+ Kf1 73. Qh3+ Ke1 74. Qh1# 1-0

[Event "Live Chess"]
[Site "Chess.com"]
[Date "2021.02.06"]
[Round "-"]
[White "SelfishClothes"]
[Black "Samurai-Sammy"]
[Result "1-0"]
[CurrentPosition "3Q4/5prk/8/p6Q/P1P3P1/8/5P2/6K1 b - -"]
[Timezone "UTC"]
[ECO "C50"]
[ECOUrl "https://www.chess.com/openings/Giuoco-Piano-Game-Four-Knights-Game"]
[UTCDate "2021.02.06"]
[UTCTime "20:32:06"]
[WhiteElo "1135"]
[BlackElo "579"]
[TimeControl "1200+10"]
[Termination "SelfishClothes won by checkmate"]
[StartTime "20:32:06"]
[EndDate "2021.02.06"]
[EndTime "20:43:00"]
[Link "https://www.chess.com/live/game/6472996394"]

1. e4 e5 2. Nf3 Nc6 3. Nc3 Nf6 4. Bc4 Bc5 5. O-O O-O 6. d3 d6 7. Bg5 h6 8. Bxf6 Qxf6 9. Bb5 Nb4 10. a3 Nc6 11. Bxc6 bxc6 12. b4 Bb6 13. h3 Rb8 14. a4 a5 15. b5 Bb7 16. bxc6 Bxc6 17. Nd5 Bxd5 18. exd5 Ba7 19. c3 g6 20. Re1 Rbe8 21. Rb1 g5 22. Rb7 Bc5 23. Rxc7 h5 24. d4 Bb6 25. Rc6 Bd8 26. dxe5 dxe5 27. Rxf6 Bxf6 28. g4 hxg4 29. hxg4 Kg7 30. d6 Rh8 31. d7 Rd8 32. Nxe5 Rdg8 33. Nc6 Bd8 34. Nxd8 Rxd8 35. Qd4+ Kg6 36. Qd6+ Kg7 37. c4 Rdg8 38. Re5 Rh7 39. Rxg5+ Kh8 40. Qe5+ Rgg7 41. Rxg7 Rxg7 42. d8=Q+ Kh7 43. Qh5# 1-0

[Event "Live Chess"]
[Site "Chess.com"]
[Date "2021.02.06"]
[Round "-"]
[White "ChessWizard1393"]
[Black "MrinalA"]
[Result "1-0"]
[CurrentPosition "8/8/8/5P2/8/3K4/4Q3/4k3 b - -"]
[Timezone "UTC"]
[ECO "C42"]
[ECOUrl "https://www.chess.com/openings/Petrovs-Defense-Classical-Stafford-Gambit"]
[UTCDate "2021.02.06"]
[UTCTime "20:32:02"]
[WhiteElo "1176"]
[BlackElo "950"]
[TimeControl "1200+10"]
[Termination "ChessWizard1393 won by checkmate"]
[StartTime "20:32:02"]
[EndDate "2021.02.06"]
[EndTime "20:40:33"]
[Link "https://www.chess.com/live/game/6472996676"]

1. e4 e5 2. Nf3 Nf6 3. Nxe5 Nc6 4. Nxc6 dxc6 5. Nc3 Bc5 6. Bc4 O-O 7. d3 b5 8. Bb3 a5 9. a3 a4 10. Ba2 Bb6 11. Bg5 Bd4 12. Qd2 h6 13. Bh4 g5 14. Bg3 Nh5 15. Qe2 Nxg3 16. hxg3 Bg7 17. Qh5 Qe8 18. O-O-O Be6 19. Bxe6 Qxe6 20. f4 gxf4 21. gxf4 Qg6 22. Qxg6 fxg6 23. Rdf1 h5 24. f5 Bh6+ 25. Kb1 gxf5 26. Rxf5 Rxf5 27. exf5 Rf8 28. Rxh5 Rf6 29. g4 Bd2 30. Ne4 Rf8 31. Nxd2 Re8 32. c3 Re1+ 33. Kc2 Rg1 34. g5 c5 35. g6 Kg7 36. Ne4 b4 37. cxb4 cxb4 38. axb4 Rg2+ 39. Kc3 Rg4 40. Rh7+ Kg8 41. Rxc7 Rg1 42. Nf6+ Kf8 43. g7+ Rxg7 44. Rxg7 Kxg7 45. b5 Kxf6 46. Kc4 Ke5 47. Kc5 Kf4 48. b6 Ke3 49. b7 Kxd3 50. b8=Q Kc2 51. Qa7 Kxb2 52. Qxa4 Kc3 53. Qc4+ Kd2 54. Qb3 Ke2 55. Kd4 Kd2 56. Qb2+ Kd1 57. Kd3 Ke1 58. Qe2# 1-0

[Event "Live Chess"]
[Site "Chess.com"]
[Date "2021.02.06"]
[Round "-"]
[White "sb1789"]
[Black "yeetacopter2"]
[Result "0-1"]
[CurrentPosition "2k4r/pbp2p2/1p1p3Q/3PpP2/1n2P3/1B6/PPP3qr/R4RK1 w - -"]
[Timezone "UTC"]
[ECO "C28"]
[ECOUrl "https://www.chess.com/openings/Bishops-Opening-Berlin-Vienna-Hybrid-Variation"]
[UTCDate "2021.02.06"]
[UTCTime "20:32:15"]
[WhiteElo "1058"]
[BlackElo "1032"]
[TimeControl "1200+10"]
[Termination "yeetacopter2 won by checkmate"]
[StartTime "20:32:15"]
[EndDate "2021.02.06"]
[EndTime "20:57:59"]
[Link "https://www.chess.com/live/game/6472997014"]

1. e4 e5 2. Bc4 Nf6 3. d3 Nc6 4. Nc3 Bc5 5. Bg5 d6 6. Nd5 h6 7. Nxf6+ gxf6 8. Be3 Bxe3 9. fxe3 f5 10. Qh5 Rf8 11. exf5 Nb4 12. Bb3 b6 13. Nf3 Bb7 14. e4 Qd7 15. O-O O-O-O 16. Qxh6 Rh8 17. Qg7 Rdf8 18. Qg5 Rfg8 19. Qd2 Na6 20. Rfe1 Qe7 21. d4 Qf6 22. d5 Qg7 23. h3 Rxh3 24. Rf1 Nb4 25. Rf2 Rgh8 26. Rff1 Qg3 27. Nh2 Rxh2 28. Qh6 Qxg2# 0-1


1200+10

[Event "Live Chess"]
[Site "Chess.com"]
[Date "2021.02.06"]
[Round "-"]
[White "RagingLion"]
[Black "BishopPlayz"]
[Result "0-1"]
[CurrentPosition "2Q5/p4pk1/8/6pp/1P4P1/2P2r1K/1P1q3P/8 w - -"]
[Timezone "UTC"]
[ECO "C57"]
[ECOUrl "https://www.chess.com/openings/Italian-Game-Knight-Attack-Polerio-Defense"]
[UTCDate "2021.02.06"]
[UTCTime "20:31:11"]
[WhiteElo "700"]
[BlackElo "1069"]
[TimeControl "1200+10"]
[Termination "BishopPlayz won by checkmate"]
[StartTime "20:31:11"]
[EndDate "2021.02.06"]
[EndTime "20:41:18"]
[Link "https://www.chess.com/live/game/6472987643"]

1. e4 e5 2. Nf3 Nc6 3. Bc4 Nf6 4. Ng5 d5 5. exd5 Na5 6. Bb3 Nxb3 7. axb3 Nxd5 8. Nf3 e4 9. Ne5 Qf6 10. Ng4 Qf5 11. Ne3 Nxe3 12. dxe3 Bb4+ 13. c3 Bd6 14. O-O Qe5 15. g3 Bh3 16. Re1 O-O 17. f3 exf3 18. Qxf3 Rfe8 19. Qxb7 Bc5 20. b4 Bb6 21. Na3 Rab8 22. Qf3 h6 23. Nc4 Qe6 24. Nxb6 Qxb6 25. Rf1 Bxf1 26. Qxf1 Re6 27. Qc4 Rf6 28. Bd2 Rd8 29. Rd1 Rxd2 30. Rxd2 Qxe3+ 31. Kg2 Qxd2+ 32. Kh3 g5 33. Qxc7 h5 34. Qc8+ Kg7 35. g4 Rf3# 0-1

[Event "Live Chess"]
[Site "Chess.com"]
[Date "2021.02.06"]
[Round "-"]
[White "CePtIcCrAsH5X_X"]
[Black "ArnavRavi3"]
[Result "1-0"]
[CurrentPosition "4Q1k1/p1p2ppp/2B5/1Pp5/8/6P1/Pr3P1P/R4RK1 b - -"]
[Timezone "UTC"]
[ECO "A22"]
[ECOUrl "https://www.chess.com/openings/English-Opening-Two-Knights-Variation"]
[UTCDate "2021.02.06"]
[UTCTime "20:31:22"]
[WhiteElo "1195"]
[BlackElo "1025"]
[TimeControl "1200+10"]
[Termination "CePtIcCrAsH5X_X won by checkmate"]
[StartTime "20:31:22"]
[EndDate "2021.02.06"]
[EndTime "20:35:46"]
[Link "https://www.chess.com/live/game/6472988394"]

1. c4 Nf6 2. Nc3 e5 3. g3 Bc5 4. Bg2 Ng4 5. e3 O-O 6. Qxg4 d6 7. Qd1 Nc6 8. Nge2 Bg4 9. O-O Qg5 10. d4 exd4 11. exd4 Nxd4 12. Bxg5 Bxe2 13. Nxe2 Nxe2+ 14. Qxe2 Rae8 15. Be3 b5 16. cxb5 Re5 17. Qd3 Rfe8 18. Bxc5 dxc5 19. Qd2 Re2 20. Qd3 Rxb2 21. Bc6 Re6 22. Qd8+ Re8 23. Qxe8# 1-0

[Event "Live Chess"]
[Site "Chess.com"]
[Date "2021.02.06"]
[Round "-"]
[White "kombat-khushi"]
[Black "namritahansrai"]
[Result "0-1"]
[CurrentPosition "4r3/pp3k2/3bq2p/1P3K1P/1Pp2nR1/2Pn4/8/8 w - -"]
[Timezone "UTC"]
[ECO "C47"]
[ECOUrl "https://www.chess.com/openings/Four-Knights-Game-Italian-Variation"]
[UTCDate "2021.02.06"]
[UTCTime "20:31:34"]
[WhiteElo "416"]
[BlackElo "737"]
[TimeControl "1200+10"]
[Termination "namritahansrai won by checkmate"]
[StartTime "20:31:34"]
[EndDate "2021.02.06"]
[EndTime "20:39:01"]
[Link "https://www.chess.com/live/game/6472989130"]

1. e4 e5 2. Nf3 Nc6 3. Nc3 Nf6 4. Bc4 d6 5. d3 Be6 6. Bg5 d5 7. Bb3 dxe4 8. dxe4 Bxb3 9. axb3 h6 10. Bh4 Qxd1+ 11. Rxd1 g5 12. h3 gxh4 13. g3 hxg3 14. O-O Rg8 15. fxg3 Rxg3+ 16. Kh2 Nh5 17. Ne2 Rg8 18. Ng3 Nxg3 19. Rg1 Ne2 20. Rxg8 f5 21. Nd2 fxe4 22. Nc4 Kf7 23. Rgg1 e3 24. Rh1 e4 25. Ne5+ Nxe5 26. b4 Nf4 27. b5 e2 28. Rde1 Bb4 29. c3 Nf3+ 30. Kg3 Nxe1 31. h4 Bd6 32. h5 Nfd3+ 33. Kg4 Rg8+ 34. Kf5 Ng2 35. Rh2 Ngf4 36. Rh4 c5 37. Kxe4 c4 38. b4 Re8+ 39. Kf5 e1=Q 40. Rg4 Qe6# 0-1

[Event "Live Chess"]
[Site "Chess.com"]
[Date "2021.02.06"]
[Round "-"]
[White "JazzFork"]
[Black "luckybananas"]
[Result "1-0"]
[CurrentPosition "8/6P1/5k1K/8/8/5P2/7P/8 w - -"]
[Timezone "UTC"]
[ECO "D31"]
[ECOUrl "https://www.chess.com/openings/Queens-Gambit-Declined-Queens-Knight-Variation-3...Bb4"]
[UTCDate "2021.02.06"]
[UTCTime "20:31:21"]
[WhiteElo "1638"]
[BlackElo "1051"]
[TimeControl "1200+10"]
[Termination "JazzFork won by resignation"]
[StartTime "20:31:21"]
[EndDate "2021.02.06"]
[EndTime "20:44:28"]
[Link "https://www.chess.com/live/game/6472989741"]

1. d4 d5 2. c4 e6 3. Nc3 Bb4 4. g3 Nc6 5. Bg2 Nf6 6. Bg5 dxc4 7. Qa4 Bd7 8. Qd1 h6 9. Bf4 O-O 10. e4 Bxc3+ 11. bxc3 g5 12. Be5 Nxe5 13. dxe5 Ne8 14. Ne2 f6 15. exf6 Nxf6 16. O-O Bc6 17. f3 Qxd1 18. Raxd1 Rad8 19. Nd4 Ba4 20. Rb1 Rfe8 21. Rxb7 c5 22. Rxa7 cxd4 23. Rxa4 dxc3 24. Rxc4 Rc8 25. Rxc8 Rxc8 26. Rc1 Nd7 27. Bh3 Kf7 28. Bf1 e5 29. Bh3 Ke7 30. Kf2 Rc4 31. Bxd7 Kxd7 32. Ke3 Kc6 33. Kd3 Kc5 34. Rxc3 Rxc3+ 35. Kxc3 h5 36. a4 Kb6 37. Kc4 Ka5 38. Kd5 Kxa4 39. Kxe5 Kb4 40. Kf5 Kc4 41. Kxg5 Kd4 42. Kxh5 Ke5 43. g4 Kf4 44. g5 Ke5 45. g6 Kf6 46. e5+ Kg7 47. e6 Kf6 48. Kh6 Kxe6 49. g7 Kf6 1-0

[Event "Live Chess"]
[Site "Chess.com"]
[Date "2021.02.06"]
[Round "-"]
[White "CyberSpaceKing"]
[Black "Falcondragoon"]
[Result "0-1"]
[CurrentPosition "7k/p1p1B3/1pb5/2P4p/4r3/8/8/4K3 w - -"]
[Timezone "UTC"]
[ECO "C46"]
[ECOUrl "https://www.chess.com/openings/Four-Knights-Game"]
[UTCDate "2021.02.06"]
[UTCTime "20:31:32"]
[WhiteElo "1043"]
[BlackElo "1363"]
[TimeControl "1200+10"]
[Termination "Falcondragoon won by resignation"]
[StartTime "20:31:32"]
[EndDate "2021.02.06"]
[EndTime "20:46:42"]
[Link "https://www.chess.com/live/game/6472990539"]

1. e4 e5 2. Nf3 Nf6 3. Nc3 Nc6 4. Bc4 Nxe4 5. Nxe4 d5 6. Bxd5 Qxd5 7. Nc3 Qd8 8. O-O Bd6 9. d3 O-O 10. h3 Bf5 11. Be3 Be7 12. Ne4 Re8 13. d4 Bxe4 14. Nxe5 Nxe5 15. dxe5 Bc6 16. Qg4 Kh8 17. Rad1 Qc8 18. Bd4 Qxg4 19. hxg4 Bd7 20. f3 Bh4 21. Be3 Bb5 22. Rfe1 Bxe1 23. Rxe1 Rxe5 24. f4 Re7 25. Bd2 Rxe1+ 26. Bxe1 Re8 27. Bf2 b6 28. b3 Re2 29. c4 Bc6 30. Kf1 Rxa2 31. g3 Rb2 32. f5 Rxb3 33. g5 Rf3 34. g4 Rf4 35. f6 gxf6 36. gxf6 Rxf6 37. g5 Rg6 38. Be3 f6 39. gxf6 Rxf6+ 40. Ke1 h5 41. Bg5 Rf5 42. Be7 Rf4 43. c5 Re4+ 0-1